Workbook
Name _12__Excel_BuiltIn_Print_Area_2: #REF!
Name _15_Excel_BuiltIn_Print_Area_2: #REF!
Name _3_____Excel_BuiltIn_Print_Area_2: #REF!
Name _6____Excel_BuiltIn_Print_Area_2: #REF!
Name _9___Excel_BuiltIn_Print_Area_2: #REF!
Name _az: #REF!
Name _CAL2: #REF!
Name _Fill: #REF!
Name _GEO1600: #REF!
Name _GEO1600: #REF!
Name _IPC2002: #REF!
Name _PJ50: #REF!
Name _R1_: #REF!
Name _REF37: #REF!
Name _REF60: #REF!
Name _REF60: #REF!
Name _VA1: #REF!
Name _VA2: #REF!
Name _VA21: #REF!
Name A: #REF!
Name A_impresión_IM: #REF!
Name A_nuevo: #REF!
Name AA: #REF!
Name AAa: #REF!
Name aaaa: #REF!
Name abc: #REF!
Name Adm: #REF!
Name AfEaefAEF: #REF!
Name AGUA: #REF!
Name AGUA: #REF!
Name AIU: #REF!
Name AJBHJU12: #REF!
Name ALAMB: #REF!
Name ALAMB: #REF!
Name ALFAJ: #REF!
Name ANA: #REF!
Name ANDAM: #REF!
Name ANDAM: #REF!
Name ANDEN: #REF!
Name ANDRES: #REF!
Name ANTISB: #REF!
Name ANTISB: #REF!
Name aqw: #REF!
Name AREAS_PISOS: #REF!
Name ARENA: #REF!
Name ARENA: #REF!
Name asaws: #REF!
Name auto1: #REF!
Name auto2: #REF!
Name auto5: #REF!
Name AUX_TRANS: 200000
Name az: #REF!
Name B: #REF!
Name BALAST: #REF!
Name BALAST: #REF!
Name BASBOX: #REF!
Name Base: #REF!
Name bb: #REF!
Name bbbbb: #REF!
Name bI: #REF!

Sheet PRESUPUESTO
A1: ALCALDÍA DE FLORIDA
A2: PROYECTO: ADECUACION Y MANTENIMIENTO DEL COLISEO LOS FUNDADORES EN EL MUNICIPIO DE FLORIDA, VALLE DEL CAUCA
B3: Elaboró: Arq. Adrián Vélez | C3: PRESUPUESTO
C4: FECHA: | E4: =TODAY() -> 46303
A5: ACTIVIDAD | C5: UND | D5: CANT | E5: VR UNITARIO | F5: VALOR TOTAL
A6: 1 | B6: PRELIMINARES
A7: 1.01 | B7: DESMONTE ESTRUCTURA METÁLICA | C7: M2 | D7: =M.C.!I9 -> 60 | E7: =APU´S!F31 -> 18031.366 | F7: =ROUND((D7*E7),0) -> 1081882
A8: 1.02 | B8: RETIRO TABLEROS | C8: UND | D8: =M.C.!I37 -> 1 | E8: =APU´S!F59 -> 67851.169 | F8: =ROUND((D8*E8),0) -> 67851
A9: 1.03 | B9: RETIRO DE CABLE #16 A #10 | C9: M | D9: =M.C.!I65 -> 800 | E9: =APU´S!F78 -> 2136.3574 | F9: =ROUND((D9*E9),0) -> 1709086
A10: 1.04 | B10: DESMONTE DE LUMINARIAS | C10: UND | D10: =M.C.!I91 -> 56 | E10: =APU´S!F103 -> 42416.526 | F10: =ROUND((D10*E10),0) -> 2375325
A11: 1.05 | B11: RETIRO TUBERIA EXISTENTE 0" A 12" | C11: M | D11: =M.C.!I117 -> 150 | E11: =APU´S!F130 -> 13066.687 | F11: =ROUND((D11*E11),0) -> 1960003
A12: 1.06 | B12: RETIRO BREAKER | C12: UND | D12: =M.C.!I143 -> 24 | E12: =APU´S!F150 -> 20360.432 | F12: =ROUND((D12*E12),0) -> 488650
B13: SUBTOTAL PRELIMINARES | F13: =SUM(F7:F12) -> 7682797
A14: 2 | B14: INSTALACIONES ELÉCTRICAS
A15: 2.01 | B15: TABLERO 2F 24 CTOS TQCP | C15: UND | D15: =M.C.!I169 -> 1 | E15: =APU´S!F174 -> 512513.26 | F15: =ROUND((D15*E15),0) -> 512513
A16: 2.02 | B16: BREAKER 2F DESDE 70 HASTA 100 AMP | C16: UND | D16: =M.C.!I195 -> 1 | E16: =APU´S!F198 -> 303935.4 | F16: =ROUND((D16*E16),0) -> 303935
A17: 2.03 | B17: BREAKER 2F DE 30 AMP | C17: UND | D17: =M.C.!I221 -> 7 | E17: =APU´S!F218 -> 224786.4 | F17: =ROUND((D17*E17),0) -> 1573505
A18: 2.04 | B18: BREAKER 1F DE 30 AMP | C18: UND | D18: =M.C.!I247 -> 16 | E18: =APU´S!F245 -> 115349.17 | F18: =ROUND((D18*E18),0) -> 1845587
A19: 2.05 | B19: TUBERIA EMT 2" | C19: M | D19: =M.C.!I271 -> 8 | E19: =APU´S!F271 -> 80265.367 | F19: =ROUND((D19*E19),0) -> 642123
A20: 2.06 | B20: TUBERIA EMT 3/4" | C20: M | D20: =M.C.!I295 -> 250 | E20: =APU´S!F299 -> 37265.955 | F20: =ROUND((D20*E20),0) -> 9316489
A21: 2.07 | B21: REFLECTOR TIPO INDUSTRIAL 150 LED | C21: UND | D21: =M.C.!I320 -> 4 | E21: =APU´S!F326 -> 798675.48 | F21: =ROUND((D21*E21),0) -> 3194702
A22: 2.08 | B22: REFLECTOR TIPO INDUSTRIAL 100 LED | C22: UND | D22: =M.C.!I344 -> 16 | E22: =APU´S!F356 -> 748675.48 | F22: =ROUND((D22*E22),0) -> 11978808
A23: 2.09 | B23: INSTALACIÓN REFLECTOR 200 LED EXISTENTE | C23: UND | D23: =M.C.!I368 -> 15 | E23: =APU´S!F383 -> 170452.48 | F23: =ROUND((D23*E23),0) -> 2556787
A24: 2.1 | B24: BALA PANEL LED 24W | C24: UND | D24: =M.C.!I392 -> 40 | E24: =APU´S!F412 -> 61468.238 | F24: =ROUND((D24*E24),0) -> 2458730
A25: 2.11 | B25: SALIDA S1 PVC | C25: UND | D25: =M.C.!I415 -> 30 | E25: =APU´S!F438 -> 201237.07 | F25: =ROUND((D25*E25),0) -> 6037112
A26: 2.12 | B26: SAL TOMA 120 PVC | C26: UND | D26: =M.C.!I438 -> 45 | E26: =APU´S!F466 -> 170204.67 | F26: =ROUND((D26*E26),0) -> 7659210
A27: 2.13 | B27: CABLE COBRE HF-ZH# 4 | C27: M | D27: =M.C.!I461 -> 24 | E27: =APU´S!F492 -> 27355.617 | F27: =ROUND((D27*E27),0) -> 656535
A28: 2.14 | B28: CABLE COBRE HF-ZH# 10 | C28: M | D28: =M.C.!I484 -> 400 | E28: =APU´S!F518 -> 7159 | F28: =ROUND((D28*E28),0) -> 2863600
A29: 2.15 | B29: CABLE COBRE HF-ZH# 12 | C29: M | D29: =M.C.!I507 -> 700 | E29: =APU´S!F539 -> 5319.9574 | F29: =ROUND((D29*E29),0) -> 3723970
A30: 2.16 | B30: CABLE COBRE HF-ZH# 14 | C30: M | D30: =M.C.!I530 -> 300 | E30: =APU´S!F560 -> 4338.2074 | F30: =ROUND((D30*E30),0) -> 1301462
A31: 2.17 | B31: MALLA A TIERRA 3 VARILLAS-PERNADA | C31: UND | D31: =M.C.!I553 -> 1 | E31: =APU´S!F589 -> 2397481.9 | F31: =ROUND((D31*E31),0) -> 2397482
B32: SUBTOTAL INSTALACIONES ELÉCTRICAS | F32: =SUM(F15:F31) -> 59022550
A33: 3 | B33: LIMPIEZA Y PINTURA
A34: 3.01 | B34: RELLENO LISTO EXTERIOR MURO | C34: M2 | D34: =M.C.!I598 -> 123.12 | E34: =APU´S!F640 -> 25237.918 | F34: =ROUND((D34*E34),0) -> 3107293
A35: 3.02 | B35: ESTUCO PLASTICO MURO [POLVO] | C35: M2 | D35: =M.C.!I621 -> 123.12 | E35: =APU´S!F668 -> 21631 | F35: =ROUND((D35*E35),0) -> 2663209
A36: 3.03 | B36: VINILO MURO TIPO 1 [3M] | C36: M2 | D36: =M.C.!I644 -> 1215 | E36: =APU´S!F696 -> 17815.699 | F36: =ROUND((D36*E36),0) -> 21646075
A37: 3.04 | B37: VINILO MURO TIPO 1 [1M] | C37: M2 | D37: =M.C.!I667 -> 1479.7017 | E37: =APU´S!F724 -> 10267.65 | F37: =ROUND((D37*E37),0) -> 15193059
A38: 3.05 | B38: VINILO CIELO TIPO 1 [1M] | C38: M2 | D38: =M.C.!I690 -> 444.41 | E38: =APU´S!F750 -> 13880 | F38: =ROUND((D38*E38),0) -> 6168411
A39: 3.06 | B39: LIMPIEZA LAVADO SUPERFICIE- EQ.PRESION | C39: M2 | D39: =M.C.!I713 -> 1216 | E39: =APU´S!F774 -> 5185.637 | F39: =ROUND((D39*E39),0) -> 6305735
A40: 3.07 | B40: ESMALTE SOBRE LAMINA LINEAL | C40: M | D40: =M.C.!I736 -> 1891.5 | E40: =APU´S!F801 -> 6664.6913 | F40: =ROUND((D40*E40),0) -> 12606264
A41: 3.08 | B41: LIMPIEZA LAVADO PISO [AC.MURIATICO 10%] | C41: M2 | D41: =M.C.!I759 -> 540 | E41: =APU´S!F826 -> 2359.9428 | F41: =ROUND((D41*E41),0) -> 1274369
A42: 3.09 | B42: ESMALTE LINEA DEMARCACION | C42: M | D42: =M.C.!I782 -> 451.99 | E42: =APU´S!F853 -> 2500.3725 | F42: =ROUND((D42*E42),0) -> 1130143
A43: 3.1 | B43: ESMALTE NAVE METALICA H<=2.2M A<=1.0M-2C | C43: UND | D43: =M.C.!I805 -> 23 | E43: =APU´S!F879 -> 70614.548 | F43: =ROUND((D43*E43),0) -> 1624135
A44: 3.11 | B44: REPINTE VENTANA - REJA | C44: M2 | D44: =M.C.!I828 -> 65.96 | E44: =APU´S!F907 -> 26457.121 | F44: =ROUND((D44*E44),0) -> 1745112
B45: SUBTOTAL LIMPIEZA Y PINTURA | F45: =SUM(F34:F44) -> 73463805
A46: 4 | B46: ENCHAPES Y OTRAS ACTIVIDADES
A47: 4.01 | B47: ENCHAPE CERAMICA 20X20 -1 CALIDAD | C47: M2 | D47: =M.C.!I855 -> 10.32 | E47: =APU´S!F933 -> 90030.71 | F47: =ROUND((D47*E47),0) -> 929117
A48: 4.02 | B48: MESON EN CONCRETO A <=60 CM H=5.0- 8CM | C48: M | D48: =M.C.!I882 -> 6 | E48: =APU´S!F962 -> 152870.43 | F48: =ROUND((D48*E48),0) -> 917223
B49: SUBTOTAL ENCHAPES Y OTRAS ACTIVIDADES | F49: =SUM(F47:F48) -> 1846340
A51: TOTAL COSTOS DIRECTOS | F51: =F13+F32+F45+F49 -> 142015492
A52: ADMINISTRACION | C52: % | D52: =(26+6)% -> 0.32 | F52: =ROUND($F$51*D52,) -> 45444957
A53: IMPREVISTOS | C53: % | D53: 0.01 | F53: =ROUND($F$51*D53,) -> 1420155
A54: UTILIDAD | C54: % | D54: 0.06 | F54: =ROUNDDOWN($F$51*D54,) -> 8520929
A55: TOTAL COSTOS INDIRECTOS | F55: =SUM(F52:F54) -> 55386041
A57: CERTIFICACION RETIE DE USO FINAL | F57: =APU´S!F614 -> 2598467
B59: VALOR TOTAL | F59: =SUM(F51,F55,F57) -> 200000000
B63: ____________________________________
B64: MAURICIO FERNÁNDEZ HERNÁNDEZ
B65: Secretario de Planeación e Infraestructura

Sheet APU´S
A1: ALCALDÍA DE FLORIDA
A2: =PRESUPUESTO!A2 -> PROYECTO: ADECUACION Y MANTENIMIENTO DEL COLISEO LOS FUNDADORES EN EL MUNICIPIO DE FLORIDA, VALLE DEL CAUCA
C3: ANALISIS DE PRECIOS UNITARIOS
C4: =PRESUPUESTO!C4 -> FECHA: | E4: =PRESUPUESTO!E4 -> 46303
A6: DESCRIPCION | D6: ITEM | E6: UND. ITEM | F6: CANT. ITEM
A7: DESMONTE ESTRUCTURA METÁLICA | E7: M2
A9: MATERIALES | B9: UNIDAD | C9: CANT. / M | D9: % DESPERD. | E9: PRECIO UNIT. | F9: VALOR UNITARIO
F10: =C10*E10 -> 0
F11: =C11*E11 -> 0
F12: =C12*E12 -> 0
F13: =C13*E13 -> 0
E15: SUBTOTAL MATERIALES | F15: =SUM(F10:F13) -> 0
A17: MANO DE OBRA | B17: JORNAL | C17: F.PREST. | D17: JORNAL+PS | E17: REND. M / DIA | F17: VR. UNIT
A18: M.O. 1 AYUDANTE + 1 OFICIAL | B18: 383882 | C18: 1.8 | D18: =B18 -> 383882 | E18: 26.66 | F18: =D18/E18 -> 14399.175
E20: SUBTOTAL MANO DE OBRA | F20: =F18 -> 14399.175
A22: EQUIPO | B22: REF. | C22: UNIDAD | D22: CANTIDAD | E22: TARIIFA | F22: VALOR UNITARIO
A23: ANDAMIO METALICO CERTIFICADO ALTURAS | C23: UND | D23: 0.2 | E23: 17441 | F23: =D23*E23 -> 3488.2
A24: HERRAMIENTA MENOR | C24: GBL | D24: 0.01 | E24: 14399.17 | F24: =D24*E24 -> 143.9917
E25: SUBTOTAL EQUIPO | F25: =SUM(F23:F24) -> 3632.1917
A27: TRANSPORTES | B27: Cantidad | C27: Distancia | D27: Cant. x Dist. | E27: TARIIFA | F27: VALOR UNITARIO
E29: SUBTOTAL TRANSPORTES | F29: 0
D31: COSTO DIRECTO | F31: =SUM(F15,F20,F25) -> 18031.366
A33: DESCRIPCION | D33: ITEM | E33: UND. ITEM | F33: CANT. ITEM
A34: RETIRO TABLEROS | E34: UND
A36: MATERIALES | B36: UNIDAD | C36: CANT. / M2 | D36: % DESPERD. | E36: PRECIO UNIT. | F36: VALOR UNITARIO
F37: =C37*E37 -> 0
F38: =C38*E38 -> 0
F39: =C39*E39 -> 0
F40: =C40*E40 -> 0
E42: SUBTOTAL MATERIALES | F42: =SUM(F37:F41) -> 0
A44: MANO DE OBRA | B44: JORNAL | C44: F.PREST. | D44: JORNAL+PS | E44: REND. M2 / DIA | F44: VR. UNIT
A45: M.O. ELECTRICA 1 AYUDANTE + 1 OFICIAL | B45: 537435 | C45: 1.8 | D45: 537435 | E45: 8 | F45: =D45/E45 -> 67179.375
E48: SUBTOTAL MANO DE OBRA | F48: =SUM(F45:F47) -> 67179.375
A50: EQUIPO | B50: REF. | C50: UNIDAD | D50: CANTIDAD | E50: TARIIFA | F50: VALOR UNITARIO
A51: HERRAMIENTA MENOR | C51: % de MO | D51: 0.01 | E51: 67179.37 | F51: =D51*E51 -> 671.7937
E53: SUBTOTAL EQUIPO | F53: =SUM(F51:F52) -> 671.7937
A55: TRANSPORTES | B55: Cantidad | C55: Distancia | D55: Cant. x Dist. | E55: TARIIFA | F55: VALOR UNITARIO
E57: SUBTOTAL TRANSPORTES | F57: 0
D59: COSTO DIRECTO | F59: =SUM(F42+F48+F53+F57) -> 67851.169
A61: DESCRIPCION | D61: ITEM | E61: UND. ITEM | F61: CANT. ITEM
A62: RETIRO DE CABLE #16 A #10 | E62: M
A64: MANO DE OBRA | B64: JORNAL | C64: F.PREST. | D64: JORNAL+PS | E64: REND. M3 / DIA | F64: VR. UNIT
A65: M.O. ELECTRICA 1 AYUDANTE + 1 OFICIAL | B65: 537435 | C65: 1.8 | D65: 537435 | E65: 266.66 | F65: =D65/E65 -> 2015.4316
E67: SUBTOTAL MANO DE OBRA | F67: =SUM(F65:F66) -> 2015.4316
A69: EQUIPO | B69: REF. | C69: UNIDAD | D69: CANTIDAD | E69: TARIIFA | F69: VALOR UNITARIO
A70: HERRAMIENTA MENOR | C70: % de MO | D70: 0.06 | E70: 2015.43 | F70: =D70*E70 -> 120.9258
E72: SUBTOTAL EQUIPO | F72: =SUM(F70:F71) -> 120.9258
A74: TRANSPORTES | B74: Cantidad | C74: Distancia | D74: Cant. x Dist. | E74: TARIIFA | F74: VALOR UNITARIO
E76: SUBTOTAL TRANSPORTES | F76: 0
D78: COSTO DIRECTO | F78: =SUM(F67+F72+F76) -> 2136.3574
A80: DESCRIPCION | D80: ITEM | E80: UND. ITEM | F80: CANT. ITEM
A81: DESMONTE DE LUMINARIAS | E81: UND
A83: MATERIALES | B83: UNIDAD | C83: CANT. / M2 | D83: % DESPERD. | E83: PRECIO UNIT. | F83: VALOR UNITARIO
F84: =C84*E84 -> 0
E86: SUBTOTAL MATERIALES | F86: =SUM(F84:F85) -> 0
A88: MANO DE OBRA | B88: JORNAL | C88: F.PREST. | D88: JORNAL+PS | E88: REND. M2 / DIA | F88: VR. UNIT
A89: M.O. ELECTRICA 3 AYUD. + 1 OFIC. + 1 PROF | B89: 1268533 | C89: 1.7 | D89: =B89 -> 1268533 | E89: 32 | F89: =D89/E89 -> 39641.656
E91: SUBTOTAL MANO DE OBRA | F91: =SUM(F89:F90) -> 39641.656
A93: EQUIPO | B93: REF. | C93: UNIDAD | D93: CANTIDAD | E93: TARIIFA | F93: VALOR UNITARIO
A94: HERRAMIENTA MENOR | C94: GBL | D94: 0.07 | E94: 39641 | F94: =D94*E94 -> 2774.87
F95: =D95*E95 -> 0
E97: SUBTOTAL EQUIPO | F97: =SUM(F94:F96) -> 2774.87
A99: TRANSPORTES | B99: Cantidad | C99: Distancia | D99: Cant. x Dist. | E99: TARIIFA | F99: VALOR UNITARIO
E101: SUBTOTAL TRANSPORTES | F101: 0
D103: COSTO DIRECTO | F103: =SUM(F86+F91+F97+F101) -> 42416.526
A105: DESCRIPCION | D105: ITEM | E105: UND. ITEM | F105: CANT. ITEM
A106: RETIRO TUBERIA EXISTENTE 0" A 12" | E106: M
A108: MATERIALES | B108: UNIDAD | C108: CANT. / M3 | D108: % DESPERD. | E108: PRECIO UNIT. | F108: VALOR UNITARIO
E113: SUBTOTAL MATERIALES | F113: =SUM(F109:F112) -> 0
A115: MANO DE OBRA | B115: JORNAL | C115: F.PREST. | D115: JORNAL+PS | E115: REND. M3 / DIA | F115: VR. UNIT
A116: M.O. 2 AYUDANTES | B116: 127478 | C116: 1.8 | D116: 284356 | E116: 22.85 | F116: =D116/E116 -> 12444.464
E118: SUBTOTAL MANO DE OBRA | F118: =SUM(F115:F117) -> 12444.464
A120: EQUIPO | B120: REF. | C120: UNIDAD | D120: CANTIDAD | E120: TARIIFA | F120: VALOR UNITARIO
A121: HERRAMIENTA MENOR | C121: GBL | D121: 0.05 | E121: 12444.46 | F121: =D121*E121 -> 622.223
E124: SUBTOTAL EQUIPO | F124: =SUM(F121:F123) -> 622.223
A126: TRANSPORTES | B126: Cantidad | C126: Distancia | D126: Cant. x Dist. | E126: TARIIFA | F126: VALOR UNITARIO
E128: SUBTOTAL TRANSPORTES | F128: 0
D130: COSTO DIRECTO | F130: =+F113+F118+F124 -> 13066.687
A132: DESCRIPCION | D132: ITEM | E132: UND. ITEM | F132: CANT. ITEM
A133: =PRESUPUESTO!B12 -> RETIRO BREAKER | E133: UND
A135: MANO DE OBRA | B135: JORNAL | C135: F.PREST. | D135: JORNAL+PS | E135: REND. M3 / DIA | F135: VR. UNIT
A136: M.O. ELECTRICA 1 AYUDANTE + 1 OFICIAL | B136: 537435 | C136: 1.8 | D136: =B136 -> 537435 | E136: 26.66 | F136: =D136/E136 -> 20158.852
E138: SUBTOTAL MANO DE OBRA | F138: =SUM(F136:F137) -> 20158.852
A140: EQUIPO | B140: REF. | C140: UNIDAD | D140: CANTIDAD | E140: TARIIFA | F140: VALOR UNITARIO
A141: HERRAMIENTA MENOR | C141: GBL | D141: 0.01 | E141: 20158 | F141: =D141*E141 -> 201.58
F142: =D142*E142 -> 0
E144: SUBTOTAL EQUIPO | F144: =SUM(F141:F143) -> 201.58
A146: TRANSPORTES | B146: Cantidad | C146: Distancia | D146: Cant. x Dist. | E146: TARIIFA | F146: VALOR UNITARIO
E148: SUBTOTAL TRANSPORTES | F148: 0
D150: COSTO DIRECTO | F150: =+F138+F144+F148 -> 20360.432
A152: DESCRIPCION | D152: ITEM | E152: UND. ITEM | F152: CANT. ITEM
A153: TABLERO 2F 24 CTOS TQCP | E153: UND
A155: MATERIALES | B155: UNIDAD | C155: CANT. / M2 | D155: % DESPERD. | E155: PRECIO UNIT. | F155: VALOR UNITARIO
A156: TABLERO 2F-24 CTOS TBC | B156: UND | C156: 1 | D156: 0 | E156: 362979 | F156: =C156*E156 -> 362979
E158: SUBTOTAL MATERIALES | F158: =SUM(F155:F157) -> 362979
A160: MANO DE OBRA | B160: JORNAL | C160: F.PREST. | D160: JORNAL+PS | E160: REND. UND / DIA | F160: VR. UNIT
A161: M.O. ELECTRICA 1 AYUDANTE + 1 OFICIAL | B161: 537435 | C161: 1.8 | D161: =B161 -> 537435 | E161: 3.63 | F161: =D161/E161 -> 148053.72
E163: SUBTOTAL MANO DE OBRA | F163: =SUM(F161:F162) -> 148053.72
A165: EQUIPO | B165: REF. | C165: UNIDAD | D165: CANTIDAD | E165: TARIIFA | F165: VALOR UNITARIO
A166: HERRAMIENTA MENOR | C166: GBL | D166: 0.01 | E166: 148053.71 | F166: =D166*E166 -> 1480.5371
...

Sheet M.C.
A1: ALCALDÍA DE FLORIDA
A2: =PRESUPUESTO!A2 -> PROYECTO: ADECUACION Y MANTENIMIENTO DEL COLISEO LOS FUNDADORES EN EL MUNICIPIO DE FLORIDA, VALLE DEL CAUCA
A4: MEMORIA DE CANTIDADES
A6: CAPÍTULO: | B6: =PRESUPUESTO!B6 -> PRELIMINARES | E6: ÍTEM: | F6: =PRESUPUESTO!A7 -> 1.01 | G6: DESCRIPCIÓN: | H6: =PRESUPUESTO!B7 -> DESMONTE ESTRUCTURA METÁLICA
A8: ELABORADO/CALCULADO POR:
A9: FECHA: | B9: =PRESUPUESTO!E4 -> 46303 | H9: UNIDAD: M2 | I9: =G23 -> 60
A10: DESCRIPCIÓN | C10: MEDIDAS | H10: REGISTRO GRAFICO
C11: L | D11: A | E11: H | F11: M2 | G11: TOTAL
A12: DESMONTE ESTRUCTURA METÁLICA CON MALLA ESLABONADA | C12: 30 | D12: 2 | F12: =C12*D12 -> 60 | G12: =F12 -> 60
C23: TOTAL | G23: =SUM(G12:G22) -> 60
A24: OBSERVACIONES:
A28: Vo. Bo. Firma | G28: Vo Bo. Firma
A29: Nombre | B29: MAURICIO FERNANDEZ HERNANDEZ | G29: Nombre
A30: Cargo | B30: SECRETARIO DE PLANEACIÓN E INFRAESTRUCTURA | G30: Cargo
A32: MEMORIA DE CANTIDADES
A34: CAPÍTULO: | B34: =PRESUPUESTO!B6 -> PRELIMINARES | E34: ÍTEM: | F34: =PRESUPUESTO!A8 -> 1.02 | G34: DESCRIPCIÓN: | H34: =PRESUPUESTO!B8 -> RETIRO TABLEROS
A36: ELABORADO/CALCULADO POR:
A37: FECHA: | B37: =B9 -> 46303 | H37: UNIDAD: UND | I37: =G51 -> 1
A38: DESCRIPCIÓN | C38: MEDIDAS | H38: REGISTRO GRAFICO
C39: L | D39: A | E39: H | F39: U | G39: TOTAL
A40: RETIRO CAJA BREAKER | F40: 1 | G40: 1
C51: TOTAL | G51: =SUM(G40:G50) -> 1
A52: OBSERVACIONES:
A56: Vo. Bo. Firma | G56: Vo Bo. Firma
A57: Nombre | B57: MAURICIO FERNANDEZ HERNANDEZ | G57: Nombre
A58: Cargo | B58: SECRETARIO DE PLANEACIÓN E INFRAESTRUCTURA | G58: Cargo
A60: MEMORIA DE CANTIDADES
A62: CAPÍTULO: | B62: =PRESUPUESTO!B6 -> PRELIMINARES | E62: ÍTEM: | F62: =PRESUPUESTO!A9 -> 1.03 | G62: DESCRIPCIÓN: | H62: =PRESUPUESTO!B9 -> RETIRO DE CABLE #16 A #10
A64: ELABORADO/CALCULADO POR:
A65: FECHA: | B65: =B37 -> 46303 | H65: UNIDAD: M | I65: =G79 -> 800
A66: DESCRIPCIÓN | C66: MEDIDAS | H66: REGISTRO GRAFICO
C67: L | D67: A | E67: H | F67: M | G67: TOTAL
A68: CABLEADO GENERAL DEL ESCENARIO | F68: 800 | G68: 800
C79: TOTAL | G79: =SUM(G68:G78) -> 800
A80: OBSERVACIONES:
A84: Vo. Bo. Firma | G84: Vo Bo. Firma
A85: Nombre | B85: MAURICIO FERNANDEZ HERNANDEZ | G85: Nombre
A86: Cargo | B86: SECRETARIO DE PLANEACIÓN E INFRAESTRUCTURA | G86: Cargo
A88: CAPÍTULO: | B88: =PRESUPUESTO!B6 -> PRELIMINARES | E88: ÍTEM: | F88: =PRESUPUESTO!A10 -> 1.04 | G88: DESCRIPCIÓN: | H88: =PRESUPUESTO!B10 -> DESMONTE DE LUMINARIAS
A90: ELABORADO/CALCULADO POR:
A91: FECHA: | B91: =B65 -> 46303 | H91: UNIDAD: UND | I91: =G105 -> 56
A92: DESCRIPCIÓN | C92: MEDIDAS | H92: REGISTRO GRAFICO
C93: L | D93: A | E93: H | F93: U | G93: TOTAL
A94: LAMPARAS ESCENARIO DEPORTIVO | F94: 56 | G94: 56
C105: TOTAL | G105: =SUM(G94:G104) -> 56
A106: OBSERVACIONES:
A110: Vo. Bo. Firma | G110: Vo Bo. Firma
A111: Nombre | B111: MAURICIO FERNANDEZ HERNANDEZ | G111: Nombre
A112: Cargo | B112: SECRETARIO DE PLANEACIÓN E INFRAESTRUCTURA | G112: Cargo
A114: CAPÍTULO: | B114: =PRESUPUESTO!B6 -> PRELIMINARES | E114: ÍTEM: | F114: =PRESUPUESTO!A11 -> 1.05 | G114: DESCRIPCIÓN: | H114: =PRESUPUESTO!B11 -> RETIRO TUBERIA EXISTENTE 0" A 12"
A116: ELABORADO/CALCULADO POR:
A117: FECHA: | B117: =B91 -> 46303 | H117: UNIDAD: M | I117: =G131 -> 150
A118: DESCRIPCIÓN | C118: MEDIDAS | H118: REGISTRO GRAFICO
C119: L | D119: A | E119: H | F119: M | G119: TOTAL
A120: TUBERÍA EMT CUBIERTA Y OTROS | F120: 150 | G120: 150
C131: TOTAL | G131: =SUM(G120:G130) -> 150
A132: OBSERVACIONES:
A136: Vo. Bo. Firma | G136: Vo Bo. Firma
A137: Nombre | B137: MAURICIO FERNANDEZ HERNANDEZ | G137: Nombre
A138: Cargo | B138: SECRETARIO DE PLANEACIÓN E INFRAESTRUCTURA | G138: Cargo
A140: CAPÍTULO: | B140: =PRESUPUESTO!B6 -> PRELIMINARES | E140: ÍTEM: | F140: =PRESUPUESTO!A12 -> 1.06 | G140: DESCRIPCIÓN: | H140: =PRESUPUESTO!B12 -> RETIRO BREAKER
A142: ELABORADO/CALCULADO POR:
A143: FECHA: | B143: =B117 -> 46303 | H143: UNIDAD: UND | I143: =G157 -> 24
A144: DESCRIPCIÓN | C144: MEDIDAS | H144: REGISTRO GRAFICO
C145: L | D145: A | E145: H | F145: U | G145: TOTAL
A146: CAJA DE BREAKER PRINICIPAL | F146: 24 | G146: =F146 -> 24
C157: TOTAL | G157: =SUM(G146:G156) -> 24
A158: OBSERVACIONES:
A162: Vo. Bo. Firma | G162: Vo Bo. Firma
A163: Nombre | B163: MAURICIO FERNANDEZ HERNANDEZ | G163: Nombre
A164: Cargo | B164: SECRETARIO DE PLANEACIÓN E INFRAESTRUCTURA | G164: Cargo
A166: CAPÍTULO: | B166: =PRESUPUESTO!B14 -> INSTALACIONES ELÉCTRICAS | E166: ÍTEM: | F166: =PRESUPUESTO!A15 -> 2.01 | G166: DESCRIPCIÓN: | H166: =PRESUPUESTO!B15 -> TABLERO 2F 24 CTOS TQCP
A168: ELABORADO/CALCULADO POR:
A169: FECHA: | B169: =B143 -> 46303 | H169: UNIDAD: UND | I169: =G183 -> 1
A170: DESCRIPCIÓN | C170: MEDIDAS | H170: REGISTRO GRAFICO
C171: L | D171: A | E171: H | F171: U | G171: TOTAL
A172: TABLERO DE BREAKER PRINCIPAL | F172: 1 | G172: =F172 -> 1
C183: TOTAL | G183: =SUM(G172:G182) -> 1
A184: OBSERVACIONES:
A188: Vo. Bo. Firma | G188: Vo Bo. Firma
A189: Nombre | B189: MAURICIO FERNANDEZ HERNANDEZ | G189: Nombre
A190: Cargo | B190: SECRETARIO DE PLANEACIÓN E INFRAESTRUCTURA | G190: Cargo
A192: CAPÍTULO: | B192: =PRESUPUESTO!B14 -> INSTALACIONES ELÉCTRICAS | E192: ÍTEM: | F192: =PRESUPUESTO!A16 -> 2.02 | G192: DESCRIPCIÓN: | H192: =PRESUPUESTO!B16 -> BREAKER 2F DESDE 70 HASTA 100 AMP
A194: ELABORADO/CALCULADO POR:
A195: FECHA: | B195: =B169 -> 46303 | H195: UNIDAD: UND | I195: =G209 -> 1
A196: DESCRIPCIÓN | C196: MEDIDAS | H196: REGISTRO GRAFICO
C197: L | D197: A | E197: H | F197: U | G197: TOTAL
A198: TOTALIZADOR PRINCIPAL 100AMP | F198: 1 | G198: 1
C209: TOTAL | G209: =SUM(G198:G208) -> 1
A210: OBSERVACIONES:
A214: Vo. Bo. Firma | G214: Vo Bo. Firma
A215: Nombre | B215: MAURICIO FERNANDEZ HERNANDEZ | G215: Nombre
A216: Cargo | B216: SECRETARIO DE PLANEACIÓN E INFRAESTRUCTURA | G216: Cargo
A218: CAPÍTULO: | B218: =PRESUPUESTO!B14 -> INSTALACIONES ELÉCTRICAS | E218: ÍTEM: | F218: =PRESUPUESTO!A17 -> 2.03 | G218: DESCRIPCIÓN: | H218: =PRESUPUESTO!B17 -> BREAKER 2F DE 30 AMP
A220: ELABORADO/CALCULADO POR:
A221: FECHA: | B221: =B195 -> 46303 | H221: UNIDAD: UND | I221: =G235 -> 7
A222: DESCRIPCIÓN | C222: MEDIDAS | H222: REGISTRO GRAFICO
C223: L | D223: A | E223: H | F223: U | G223: TOTAL
A224: ILUMINACION ZONA CANCHA | F224: 1 | G224: 1
A225: ILUMINACION ZONA TARIMA | F225: 1 | G225: 1
...
